 Dungeon Crawl Stone Soup version 0.31.0-32-g396128a36d (webtiles) character file.

Game seed: 3003458417904893133

271 KittyFluff the Ruffian (level 6, -2/59 HPs)
             Began as a Troll Shapeshifter on Apr 4, 2024.
             Slain by Sigmund
             ... wielding a +0 scythe
              (10 damage)
             ... on level 4 of the Dungeon.
             The game lasted 00:10:47 (2816 turns).

KittyFluff the Ruffian (Troll Shapeshifter)         Turns: 2816, Time: 00:10:47

Health: -2/59      AC:  4    Str: 25    XL:     6   Next: 2%
Magic:  5/5        EV: 10    Int:  6    God:
Gold:   200        SH:  0    Dex:  9    Spells: 5/5 levels left

rFire   . .          .
                       - Unarmed
rCold   . . .        (no shield)
rNeg    . . .        a - +0 animal skin
rPois   .            (helmet currently unavailable)
rElec   .            (cloak currently unavailable)
rCorr   +            (gloves unavailable)
SInv    .            (boots unavailable)
Will    .....        (no amulet)
Stlth   +            q - ring of resist corrosion
HPRegen 1.09/turn    (no ring)
MPRegen 0.09/turn

%: no passive effects
@: beast-form
A: beast (slay +2), large, unfitting armour, claws 3, regeneration 1, shaggy fur
1, tough skin 1
a: Begin Untransformation


You were on level 4 of the Dungeon.
You were a hulking beast.
You visited 1 branch of the dungeon, and saw 4 of its levels.

You collected 200 gold pieces.

Inventory:

Hand Weapons
 e - a +0 whip
 m - a +0 sling
Missiles
 f - 35 stones (quivered)
 g - 2 atropa-tipped darts
 o - 4 javelins
Armour
 a - a +0 animal skin (worn)
 n - a +0 buckler
Jewellery
 h - an amulet of faith
 q - a ring of resist corrosion (left claw)
Talismans
 c - a beast talisman
 d - a flux talisman
Wands
 u - a wand of polymorph (15)
Scrolls
 i - 2 scrolls of vulnerability {unknown}
 j - 2 scrolls of identify {unknown}
 l - a scroll of torment {unknown}
 s - a scroll of poison {unknown}
Potions
 b - a potion of lignification
 k - a potion of curing {unknown}
 p - 2 potions of attraction {unknown}
 r - a potion of brilliance {unknown}
 t - a potion of heal wounds {unknown}


   Skills:
 + Level 2.4 Fighting
 + Level 2.8 Dodging
 + Level 4.2 Unarmed Combat
 + Level 4.1 Shapeshifting


You had 5 spell levels left.
You didn't know any spells.
Your spell library contained the following spells:

 Spells                   Type           Power      Damage    Failure   Level
 Sandblast                Erth           0%         2d4       45%         1
 Gell's Gravitas          Tloc           0%         N/A       83%         3
 Passwall                 Erth           0%         N/A       83%         3
 Stone Arrow              Conj/Erth      0%         3d7       83%         3
 Teleport Other           Tloc           0%         N/A       83%         3
 Brom's Barrelling Bould  Conj/Erth      0%         2d3       99%         4
 Dispersal                Tloc           0%         N/A       100%        6


Dungeon Overview and Level Annotations

Branches:
Dungeon (4/15)
 Temple: D:4-7

Altars:
Ashenzari
Dithmenos
Okawaru
Vehumet
Yredelemnul

Annotations:
D:4 Sigmund


Innate Abilities, Weirdness & Mutations

You are a hulking beast.
Your limbs bulge with bestial killing power. (Slay +2)
You are too large for most types of armour.
You have claws for hands.
Your natural rate of healing is unusually fast.
You are covered in fur. (AC +1)
You have tough skin. (AC +1)


Message History

You hear some strange, mumbled words.
You are confused.
You closely miss the orc. The orc hits you but does no damage.
Something hits you. Something hits you but does no damage.
You hear some strange, mumbled words.
A puff of flame appears from out of thin air!
The puff of flame hits you. The orc attacks as it pursues you!
The orc closely misses you.
You claw the orc!
You kill the orc!
Something hits you! Something hits you.
You completely miss something.
Something hits you but does no damage. x2
Something hits you but does no damage.
You feel less confused. Something hits you.
Something hits you but does no damage.
You completely miss something. Something hits you. x2
You hear some strange, mumbled words.
A puff of flame appears from out of thin air!
The puff of flame hits you!
Things that are here:
a +0 flail; a +0 leather armour; an orc corpse You barely miss something.
Something hits you but does no damage. Something hits you.
You barely miss something.
You hear some strange, mumbled words.
A magic dart appears from out of thin air!
The magic dart hits you!
* * * LOW HITPOINT WARNING * * *
You hear some strange, mumbled words.
A puff of flame appears from out of thin air!
The puff of flame misses you.
You closely miss something. Something hits you.
* * * LOW HITPOINT WARNING * * *
Something hits you.
* * * LOW HITPOINT WARNING * * *
You closely miss something. Something hits you.
* * * LOW HITPOINT WARNING * * *
You completely miss something. Something hits you!
You die...

......# ##.....## #...#
.......## ###...## #.....
........## ##....# ......
.........###.....##......
....<.....##.............
...........#.....).......
.................).......
...............{.........
................h{....>..
.........................
............#.........###
##.........#######..###
#####...### ### #####


There were no monsters in sight!

Vanquished Creatures
  Ijyb (D:4)
  Terence (D:2)
  An orc wizard (D:3)
  8 adders
  4 gnolls (D:4)
  A dart slug (D:4)
  2 ribbon worms
  10 orcs
  6 endoplasms
  4 giant cockroaches
  3 goblins
  5 hobgoblins
  3 jackals (D:3)
  4 quokkas
  6 ball pythons
  3 bats
  3 frilled lizards (D:1)
  5 kobolds
  5 rats
75 creatures vanquished.

Notes
Turn   | Place    | Note
-------+----------+-------------------------------------------
     0 | D:1      | KittyFluff the Troll Shapeshifter began the quest for the
                  | Orb.
     0 | D:1      | Reached XP level 1. HP: 18/18 MP: 0/0
   175 | D:1      | Reached skill level 1 in Fighting
   404 | D:1      | Reached XP level 2. HP: 25/27 MP: 1/1
  1068 | D:2      | Reached XP level 3. HP: 30/33 MP: 2/2
  1365 | D:2      | Noticed Terence
  1381 | D:2      | Killed Terence
  1382 | D:2      | Reached XP level 4. HP: 32/42 MP: 3/3
  1776 | D:3      | Reached XP level 5. HP: 39/49 MP: 4/4
  1867 | D:3      | Found a shadowy altar of Dithmenos.
  1867 | D:3      | Found a basalt altar of Yredelemnul.
  1946 | D:3      | Found an iron altar of Okawaru.
  2067 | D:3      | Found a radiant altar of Vehumet.
  2256 | D:3      | Found a broken altar of Ashenzari.
  2260 | D:3      | Saw a vision of the Shoals and the Snake Pit.
  2260 | D:3      | Noticed a naga
  2260 | D:3      | Noticed an anaconda
  2260 | D:3      | Noticed a naga ritualist
  2260 | D:3      | Noticed a naga
  2260 | D:3      | Noticed a naga
  2260 | D:3      | Noticed a salamander
  2260 | D:3      | Noticed a salamander
  2260 | D:3      | Noticed an anaconda
  2260 | D:3      | Noticed a manticore
  2260 | D:3      | Noticed a snapping turtle
  2260 | D:3      | Noticed a merfolk
  2260 | D:3      | Noticed a merfolk
  2260 | D:3      | Noticed a water elemental
  2260 | D:3      | Noticed a harpy
  2260 | D:3      | Noticed a harpy
  2260 | D:3      | Noticed a merfolk siren
  2261 | D:3      | Noticed an alligator snapping turtle
  2472 | D:4      | Noticed Ijyb
  2477 | D:4      | Killed Ijyb
  2792 | D:4      | Noticed Sigmund
  2794 | D:4      | Reached XP level 6. HP: 59/59 MP: 5/5
  2816 | D:4      | Slain by Sigmund

Illustrated notes

Levels and vault maps discovered:
D:1:      roderic_crop_circles_arrival_small, layout_basic
D:2:      layout_loops_ring, uniq_terence
D:3:      layout_loops_cross, grunt_ashenzari_visionary
          [grunt_ashenzari_visionary_shoals, grunt_ashenzari_visionary_snake],
          mainiacjoe_overflow_tiny_flanked, gammafunk_temple_overflow_elements,
          okawaru_metal_pillars_1_2, corexii_leaking_fountain
D:4:      layout_cave_pods, uniq_blork_the_orc, uniq_ijyb, uniq_sigmund

Skill      XL: |  1  2  3  4  5 |
---------------+----------------+-----
Fighting       | 1 2 |  2.4
Dodging        | 2 |  2.8
Unarmed Combat | 4 |  4.2
Shapeshifting  | 4 |  4.1

Action                     |  1- 3 |  4- 6 || total
---------------------------+-------+-------++-------
  Melee: Unarmed           |    83 |   105 ||   188
         Punch             |       |     3 ||     3
 Armour: Animal skin       |    42 |    79 ||   121
  Dodge: Dodged            |    33 |    39 ||    72
